 Dungeon Sprint DCSS version 0.24-a0-520-g8fd06ad (webtiles) character file.

Game seed: 18208049178852357302

39 silentkaos13 the Grave Robber (level 3, -1/27 HPs)
             Began as a Gnoll Necromancer on July 27, 2019.
             Slain by a water elemental (6 damage)
             ... in the Dungeon (Sprint III: "The Ten Rune Challenge").
             The game lasted 00:02:24 (672 turns).

silentkaos13 the Grave Robber (Gnoll Necromancer)    Turns: 672, Time: 00:02:25

Health: -1/27      AC:  3    Str: 10    XL:     3   Next: 45%
Magic:  6/9        EV: 15    Int: 18    God:
Gold:   25         SH:  0    Dex: 15    Spells: 4/12 levels left

rFire    . . .     SeeInvis .   j - +0 dagger
rCold    . . .     Gourm    .   (no shield)
rNeg     . . .     Faith    .   a - +0 robe
rPois    .         Spirit   .   (no helmet)
rElec    .         Reflect  .   (no cloak)
rCorr    .         Harm     .   (no gloves)
MR       .....     NoTele   +   b - +0 pair of boots
Stlth    +++.......             (no amulet)
HPRegen  1.09/turn              (no ring)
MPRegen  0.11/turn              (no ring)

@: engulfed (cannot breathe), regenerating
A: distributed training, fangs 1, strong nose
a: no special abilities


You were in the Dungeon.
You were not hungry.

You visited 1 branch You collected 25 gold pieces.

Inventory:

Hand Weapons
 j - a +0 dagger (weapon)
Armour
 a - a +0 robe (worn)
 b - a +0 pair of boots (worn)
Scrolls
 i - a scroll of blinking
 m - a scroll of immolation {unknown}
 n - 2 scrolls of identify
 o - 2 scrolls of remove curse
 r - a scroll of holy word {unknown}
 s - a scroll of amnesia {unknown}
 t - a scroll of random uselessness {unknown}
Potions
 d - a potion of curing
 e - a potion of heal wounds
 f - a potion of haste
 g - 2 potions of magic
 h - a potion of berserk rage
 l - 3 potions of mutation {unknown}
 p - a potion of experience {unknown}
 q - a potion of might {unknown}
 u - a potion of agility {unknown}
Comestibles
 c - 3 rations


   Skills:
 + Level 2.0 Fighting
 + Level 2.0 Short Blades
 + Level 2.0 Long Blades
 + Level 2.0 Axes
 + Level 2.0 Maces & Flails
 + Level 2.0 Polearms
 + Level 2.0 Staves
 + Level 2.0 Slings
 + Level 2.0 Bows
 + Level 2.0 Crossbows
 + Level 2.0 Throwing
 + Level 2.0 Armour
 + Level 5.0 Dodging
 + Level 4.6 Stealth
 + Level 2.0 Shields
 + Level 2.0 Unarmed Combat
 + Level 5.4 Spellcasting
 + Level 1.5 Conjurations
 + Level 1.5 Hexes
 + Level 1.5 Charms
 + Level 1.5 Summonings
 + Level 7.3 Necromancy
 + Level 1.5 Translocations
 + Level 1.5 Transmutations
 + Level 1.5 Fire Magic
 + Level 1.5 Ice Magic
 + Level 1.5 Air Magic
 + Level 1.5 Earth Magic
 + Level 1.5 Poison Magic
 + Level 2.2 Invocations
 + Level 2.0 Evocations


You had 4 spell levels left.
You knew the following spells:

 Your Spells              Type           Power        Failure   Level  Hunger
a - Pain                  Necr           ####         1%          1    None
b - Animate Skeleton      Necr           N/A          1%          1    None
c - Vampiric Draining     Necr           ####......   1%          3    ##.....
d - Regeneration          Chrm/Necr      ###.......   6%          3    ##.....

Your spell library contained the following spells:

 Spells                   Type           Power        Failure   Level  Hunger
 Animate Dead             Necr           N/A          6%          4    ####...


Dungeon Overview and Level Annotations

Branches:
Dungeon (1/1)

Altars:


Innate Abilities, Weirdness & Mutations

Your experience applies equally to all skills.
You have very sharp teeth.
Your uncanny sense of smell can sniff out nearby items.


Message History

The water elemental hits you!
The water elemental engulfs you in water!
Your human skeleton hits the water elemental.
You barely miss the water elemental.
The water elemental is lightly damaged.
Your lungs strain for air!
The water elemental closely misses you.
You cannot cast spells while unable to breathe!
You hit the water elemental but do no damage.
The water elemental is lightly damaged.
Your lungs strain for air!
Your human skeleton hits the water elemental.
The water elemental barely misses you.
You completely miss the water elemental.
The water elemental is lightly damaged.
* * * LOW HITPOINT WARNING * * *
Your lungs strain for air!
Your human skeleton hits the water elemental but does no damage.
The water elemental hits you.
You die...

▓..##.......#..#..#∆
▓##.##.##..†#..#..# #+#+#
##.##.###..##'#..#......
▓#.####.##..###...'.⌠....
▓.###..##..####...#...###
▓#.....##..###....# ⌠.#
###..##...##.....# .#∆
##..##....#EZ....# #
#..###..##@#.....# ∆∆
#..# #..#####....# ▓▓▓▓
▓▓▓▓ ▓▓▓▓▓▓ ∆


You could see a water elemental and a friendly human skeleton.

Vanquished Creatures
  A human (D)
  A wolf (D)
  2 oozes (D)
  2 rats (D)
6 creatures vanquished.

Vanquished Creatures (others)
  2 draconian scorchers (D)
  6 hellions (D)
  A yaktaur (D)
9 creatures vanquished.

Grand Total: 15 creatures vanquished

Notes
Turn   | Place    | Note
-------+----------+-------------------------------------------
     0 | D        | silentkaos13 the Gnoll Necromancer began the quest for the
                  | Orb.
     0 | D        | Reached XP level 1. HP: 13/13 MP: 6/6
     9 | D        | Reached skill level 5 in Spellcasting
     9 | D        | Reached skill level 1 in Invocations
    52 | D        | Killed a yaktaur
    72 | D        | Killed a hellion
    86 | D        | Reached skill level 1 in Fighting
    86 | D        | Reached skill level 1 in Short Blades
    86 | D        | Reached skill level 1 in Long Blades
    86 | D        | Reached skill level 1 in Axes
    86 | D        | Reached skill level 1 in Maces & Flails
    86 | D        | Reached skill level 1 in Polearms
    86 | D        | Reached skill level 1 in Staves
    86 | D        | Reached skill level 1 in Slings
    86 | D        | Reached skill level 1 in Bows
    86 | D        | Reached skill level 1 in Crossbows
    86 | D        | Reached skill level 1 in Throwing
    86 | D        | Reached skill level 1 in Armour
    86 | D        | Reached skill level 1 in Shields
    86 | D        | Reached skill level 1 in Unarmed Combat
    86 | D        | Reached skill level 1 in Conjurations
    86 | D        | Reached skill level 1 in Hexes
    86 | D        | Reached skill level 1 in Charms
    86 | D        | Reached skill level 1 in Summonings
    86 | D        | Reached skill level 1 in Translocations
    86 | D        | Reached skill level 1 in Transmutations
    86 | D        | Reached skill level 1 in Fire Magic
    86 | D        | Reached skill level 1 in Ice Magic
    86 | D        | Reached skill level 1 in Air Magic
    86 | D        | Reached skill level 1 in Earth Magic
    86 | D        | Reached skill level 1 in Poison Magic
    86 | D        | Reached skill level 1 in Evocations
    86 | D        | Reached XP level 2. HP: 13/21 MP: 0/8
    91 | D        | Killed a hellion
    91 | D        | Killed a hellion
   127 | D        | Killed a hellion
   128 | D        | Killed a white draconian scorcher
   140 | D        | Killed a white draconian scorcher
   152 | D        | Killed a hellion
   258 | D        | Reached XP level 3. HP: 14/27 MP: 1/9
   331 | D        | Killed a hellion
   406 | D        | Learned a level 1 spell: Animate Skeleton
   410 | D        | Learned a level 3 spell: Vampiric Draining
   414 | D        | Learned a level 3 spell: Regeneration
   422 | D        | Reached skill level 5 in Dodging
   658 | D        | Noticed a water elemental
   672 | D        | Slain by a water elemental

Levels and vault maps discovered:
D:        dungeon_sprint_mu [sprint_mu_entry_cave, sprint_mu_temple_rooms,
          sprint_mu_d1_spiders, sprint_mu_d2_genie, sprint_mu_d3_branching,
          sprint_mu_orc_legion, sprint_mu_elf_gauntlet, sprint_mu_hive_nellie,
          sprint_mu_lair_fedhas, sprint_mu_vaults_butterflies,
          sprint_mu_slime_circle, sprint_mu_shoals_kraken,
          sprint_mu_snake_twists, sprint_mu_blade_basic, sprint_mu_crypt_lich,
          sprint_mu_tomb_spiral, sprint_mu_vestibule_basic,
          sprint_mu_gehenna_hellfire, sprint_mu_dis_giant,
          sprint_mu_tartarus_statrot, sprint_mu_cocytus_islands, sprint_mu_zot1]

Skill      XL: |  1  2  3 |
---------------+----------+-----
Spellcasting   | 5 |  5.4
Invocations    | 1 2 |  2.2
Fighting       | 1 2 |  2.0
Short Blades   | 1 2 |  2.0
Long Blades    | 1 2 |  2.0
Axes           | 1 2 |  2.0
Maces & Flails | 1 2 |  2.0
Polearms       | 1 2 |  2.0
Staves         | 1 2 |  2.0
Slings         | 1 2 |  2.0
Bows           | 1 2 |  2.0
Crossbows      | 1 2 |  2.0
Throwing       | 1 2 |  2.0
Armour         | 1 2 |  2.0
Shields        | 1 2 |  2.0
Unarmed Combat | 1 2 |  2.0
Conjurations   | 1 |  1.5
Hexes          | 1 |  1.5
Charms         | 1 |  1.5
Summonings     | 1 |  1.5
Translocations | 1 |  1.5
Transmutations | 1 |  1.5
Fire Magic     | 1 |  1.5
Ice Magic      | 1 |  1.5
Air Magic      | 1 |  1.5
Earth Magic    | 1 |  1.5
Poison Magic   | 1 |  1.5
Evocations     | 1 2 |  2.0
Dodging        | 5 |  5.0
Stealth        | |  4.6
Necromancy     | |  7.3

Action                   || total
-------------------------++-------
Melee: Dagger            ||    15
 Cast: Pain              ||    19
       Animate Skeleton  ||     2
       Vampiric Draining ||     1
       Regeneration      ||     1
Armor: Robe              ||     2
Dodge: Dodged            ||    17

Table legend:
 A = Non-vault XP
 B = Vault XP
 C = Vault XP percentage of total XP
 D = Non-vault monster count
 E = Vault monster count
 F = Vault count percentage of total count
                 A         B        C        D         E       F
            +---------+---------+-------+---------+---------+-------
      Total |       0 |      56 | 100.0 |       0 |       6 | 100.0
            +---------+---------+-------+---------+---------+-------
          D |       0 |      56 | 100.0 |       0 |       6 | 100.0
            +---------+---------+-------+---------+---------+-------
